 Dungeon Crawl Stone Soup version 0.18-a0-1343-g48c8f86 (webtiles) character file.

189 M4edhros the Insei (level 5, -1/41 HPs)
             Began as a Mummy Monk on Feb 16, 2016.
             Slain by an orc
             ... wielding the +12 dagger of Disintegration {pierce, rPois MP-9 Str+10}
              (2 damage)
             ... on level 4 of the Dungeon.
             The game lasted 00:04:23 (4357 turns).

M4edhros the Insei (Mummy Monk)                     Turns: 4357, Time: 00:04:23

Health: -1/41      AC:  3    Str: 14    XL:     5   Next: 40%
Magic:  5/5        EV: 13    Int: 10    God:
Gold:   134        SH:  0    Dex: 15    Spells: 0 memorised, 4 levels left

rFire  . . .     SeeInvis .       - Unarmed
rCold  + . .     Gourm    .     (no armour)
rNeg   + + +     Faith    .     (no shield)
rPois  ∞         Spirit   .     c - +0 helmet
rElec  .         Dismiss  .     f - +0 cloak
rCorr  .         Reflect  .     d - +0 pair of gloves
SustAt .         Harm     .     (no boots)
MR     .....                    (no amulet)
Stlth  ++........               (no ring)
                                b - ring of protection from fire

@: not resistant to hostile enchantments, unstealthy
A: no food or potions, fire vulnerability, cold resistance 1, negative energy
resistance 3, torment resistance, unbreathing
a: no special abilities


You were on level 4 of the Dungeon.
You were not hungry.

You visited 1 branch of the dungeon, and saw 4 of its levels.

You collected 134 gold pieces.

Inventory:

Armour
 c - a +0 helmet (worn)
 d - a +0 pair of gloves (worn)
 f - a +0 cloak (worn)
Jewellery
 b - a ring of protection from fire (left hand)
Scrolls
 a - 6 scrolls of identify
 e - 3 scrolls of teleportation


   Skills:
 - Level 3.0 Fighting
 - Level 2.4 Dodging
 + Level 3.6 Stealth
 + Level 4.6 Unarmed Combat


You had 4 spell levels left.
You didn't know any spells.

Dungeon Overview and Level Annotations

Branches:
Dungeon (4/15)
 Temple: D:4-7

Altars:
Nemelex Xobeh
Xom


Innate Abilities, Weirdness & Mutations

You do not eat or drink.
Your flesh is vulnerable to fire.
You are immune to poison.
Your flesh is cold resistant.
You are immune to negative energy.
You are immune to unholy pain and torment.
You can survive without breathing.


Message History

Read which item? (? for menu, Esc to quit)
Okay, then.
Found a shimmering altar of Xom.
Found two shimmering altars of Xom.
Really walk into that teleport trap?
You enter a teleport trap!
The teleport trap disappears.
Your surroundings suddenly seem different.
You swing at nothing.
You swing at nothing.
You swing at nothing.
You closely miss the orc.
The orc hits you with an ebony dagger {pierce}!
You closely miss the orc.
The orc hits you with an ebony dagger {pierce}!
* * * LOW HITPOINT WARNING * * *
x2 You hit the orc.
The orc is heavily wounded.
The orc hits you with an ebony dagger {pierce}.
* * * LOW HITPOINT WARNING * * *
You die...

#. ###########.
####...........
#....... ......
#.##..# #.##..
######.##..####.##..
#...................
#..@o......#.....o<.
#.####.##..#.....#..
#.# #.##..#.....#[.
...###.##..#..oo....
.###.##.##o........[.
#. #........#...####.
#.###.####.#.#...# #.
#.K)## #.#.#...# #.
#..## #.#.....>% ..


You could see an orc.

Vanquished Creatures
  A hound (D:3)
  2 orc wizards (D:4)
  An adder (D:2)
  4 worms
  4 giant geckos (D:2)
  4 orcs
  7 bats
  4 giant cockroaches
  7 goblins
  7 hobgoblins
  8 jackals (D:2)
  5 kobolds
  4 quokkas
  2 ball pythons (D:2)
  2 giant newts
  12 rats
74 creatures vanquished.

Notes
Turn   | Place    | Note
--------------------------------------------------------------
     0 | D:1      | M4edhros the Mummy Monk began the quest for the Orb.
     0 | D:1      | Reached XP level 1. HP: 18/18 MP: 1/1
   419 | D:1      | Reached XP level 2. HP: 17/24 MP: 2/2
  1799 | D:2      | Reached XP level 3. HP: 26/29 MP: 3/3
  2570 | D:2      | Reached skill level 4 in Unarmed Combat
  2714 | D:2      | HP: 1/29 [worm (11)]
  3148 | D:2      | Reached XP level 4. HP: 24/35 MP: 4/4
  3535 | D:3      | Found a sparkling altar of Nemelex Xobeh.
  4224 | D:4      | Reached XP level 5. HP: 36/41 MP: 5/5
  4347 | D:4      | Found a shimmering altar of Xom.
  4349 | D:4      | Found a shimmering altar of Xom.
  4349 | D:4      | Found a shimmering altar of Xom.
  4357 | D:4      | HP: 1/41 [orc/ebony dagger {pierce} (5)]
  4357 | D:4      | Identified the +12 dagger of Disintegration {pierce, rPois MP-9 Str+10}
  4357 | D:4      | Slain by an orc

Vault maps used:
D:1:      onia_arrival_mini_spirals, corner_web_ring, hangedman_decor_push
D:3:      nemelex_spade_bored_becter
D:4:      cheibriados_altar_1, makhleb_heckhound_becter, temple_doors_b,
          portal_sewer_entry_d, first_bread, kennysheep_big_empty_room,
          xom_redecorated

Action                   |  1- 3 |  4- 6 || total
-------------------------+-------+-------++-------
Melee: Unarmed           |   245 |   106 ||   351
  Use: Scroll            |     1 |       ||     1
 Stab: Sleeping          |     2 |     1 ||     3
